AoeStats
← 台北順起來

Nomad

510775557Analyzed
3v3 RM · 23h ago on Oct 2, 2026· 60m 55s· 6 players
Game mode
Random Map
Map size
210×210
Population
200
Speed
Normal
Resources
Standard
Victory
Conquest
Starting age
Dark Age
Ending age
Imperial Age
RankedLock teamsTeams togetherTeam positionsShared explorationLock speedFull tech treeHidden civsTurbo modeCheats
Victory
Defeat
🇹🇼 Japanese · Taiwan
1070
+18
🇹🇼 Varangians · Taiwan
1063
+18
🇹🇼 Varangians · Taiwan
1031
+19
🇧🇷 Mongols · Brazil
1131
-19
🇩🇪 Danes · Germany
1125
-19
🇷🇺 Varangians · Russia
1064
-17
sky2551230
5:07 Loom
5:59 Loom
15:37 Feudal Age
19:16 Castle Age
17:32 Man-at-Arms
19:27 Fletching
20:05 Long Swordsman
20:32 Fishing Lines
22:01 Double-Bit Axe
23:50 Bodkin Arrow
26:27 Gold Mining
27:01 Gillnets
28:11 Gold Shaft Mining
29:53 Scale Mail Armor
33:13 Wheelbarrow
33:07 Chain Mail Armor
33:46 Forging
39:08 Imperial Age
39:16 Elite Samurai
40:17 Conscription
39:50 Arson
40:05 Squires
39:51 Gambesons
40:38 Plate Mail Armor
40:56 Hand Cart
48:26 Kataparuto
48:25 Bow Saw
59:18 Bracer
59:19 Padded Archer Armor
59:22 Heavy Cavalry Archer
61:16 Parthian Tactics
60:59 Thumb Ring
61:27 Leather Archer Armor
台北順起來
5:23 Loom
16:17 Feudal Age
16:44 Man-at-Arms
17:26 Fishing Lines
18:01 Arson
18:07 Double-Bit Axe
22:11 Wheelbarrow
22:21 Stone Mining
25:05 Castle Age
25:33 Forging
27:56 Bow Saw
28:25 Gillnets
33:39 Bloodlines
33:29 Husbandry
38:48 Light Cavalry
43:02 Iron Casting
42:33 Scale Barding Armor
42:32 Gold Mining
43:42 Husbandry
49:58 Chain Barding Armor
55:23 Vendel Legacy
62:30 Imperial Age
61:22 Hand Cart
Player Disconnected.
10:44 Loom
16:00 Feudal Age
18:36 Fishing Lines
23:51 Wheelbarrow
30:43 Castle Age
51:45 Castle Age
54:25 Bloodlines
62:23 Imperial Age
Mangudai de Oakley
13:09 Feudal Age
11:26 Loom
14:35 Fishing Lines
19:18 Castle Age
20:03 Fletching
22:08 Stone Mining
27:21 Bodkin Arrow
33:57 Padded Archer Armor
34:31 Double-Bit Axe
37:36 Leather Archer Armor
41:55 Bow Saw
42:26 Wheelbarrow
42:05 Horse Collar
42:40 Gold Mining
47:13 Husbandry
48:06 Bloodlines
52:09 Imperial Age
50:16 Heavy Plow
51:23 Ballistics
55:14 Thumb Ring
55:35 Parthian Tactics
iEvolve
5:32 Loom
15:36 Feudal Age
17:42 Town Watch
20:13 Castle Age
18:46 Scale Mail Armor
18:33 Arson
19:22 Forging
21:08 Squires
20:54 Gambesons
21:38 Chain Mail Armor
24:10 Iron Casting
36:10 Fishing Lines
38:47 Wheelbarrow
38:43 Double-Bit Axe
38:40 Horse Collar
38:55 Gold Mining
38:56 Stone Mining
39:15 Stone Mining
40:04 Hand Cart
41:16 Gold Shaft Mining
42:56 Fletching
44:50 Bodkin Arrow
47:37 Imperial Age
45:58 Ballistics
46:37 Padded Archer Armor
46:50 Bloodlines
46:41 Husbandry
48:34 Leather Archer Armor
48:37 Heavy Mounted Crossbowman
50:56 Chemistry
50:20 Bracer
50:43 Cranequins
TheAnatolich
11:39 Loom
18:07 Feudal Age
18:37 Double-Bit Axe
19:58 Wheelbarrow
23:23 Castle Age
21:42 Arson
22:17 Town Watch
22:21 Horse Collar
23:02 Fletching
27:05 Bodkin Arrow
28:37 Gold Mining
28:37 Stone Mining
36:36 Imperial Age
34:38 Bow Saw
38:04 Ballistics
44:05 Murder Holes
Connection lost

Rejoining the realm…

Still unreachable

The connection could not be restored.

Session expired

The server has moved on; the page needs a fresh start.